 Dungeon Crawl Stone Soup version 0.27-a0-1332-g84bddb5ca7 (webtiles) character file.

Game seed: 5905321342246733771

109 pokeman the Magician (level 4, -1/25 HPs)
             Began as a Deep Elf Hedge Wizard on June 25, 2021.
             Killed by divine providence
             ... invoked by an orc priest
              (12 damage)
             ... on level 3 of the Dungeon.
             The game lasted 00:03:55 (2635 turns).

pokeman the Magician (Deep Elf Hedge Wizard)        Turns: 2635, Time: 00:03:56

Health: -1/25      AC:  3    Str:  7    XL:     4   Next: 59%
Magic:  1/13       EV: 12    Int: 20    God:
Gold:   69         SH:  0    Dex: 14    Spells: 3/14 levels left

rFire    + . .     SeeInvis .   a - +0 dagger
rCold    . . .     Faith    .   (no shield)
rNeg     . . .     Spirit   .   f - +0 leather armour
rPois    .         Reflect  .   c - +0 hat
rElec    .         Harm     .   (no cloak)
rCorr    .         Rampage  .   (no gloves)
Will     .....                  (no boots)
Stlth    ++........             (no amulet)
HPRegen  0.08/turn              h - ring of protection from fire
MPRegen  0.13/turn              (no ring)

@: no status effects
A: no striking features
a: no special abilities


You were on level 3 of the Dungeon.
You visited 1 branch of the dungeon, and saw 3 of its levels.

You collected 69 gold pieces.

Inventory:

Hand Weapons
 a - a +0 dagger (weapon)
Missiles
 n - 16 bolts
Armour
 c - a +0 hat (worn)
 f - a +0 leather armour (worn)
Jewellery
 b - a +4 ring of evasion
 h - a ring of protection from fire (left hand)
Scrolls
 e - a scroll of noise {unknown}
 g - a scroll of identify {unknown}
 j - a scroll of teleportation {unknown}
 l - a scroll of silence {unknown}
 m - a scroll of blinking {unknown}
Potions
 d - a potion of curing {unknown}
 i - 2 potions of heal wounds
 k - a potion of flight {unknown}
 o - a potion of might {unknown}


   Skills:
 - Level 1.0 Fighting
 - Level 1.0 Armour
 + Level 2.8 Dodging
 - Level 2.4 Stealth
 * Level 5.8 Spellcasting
 + Level 2.2 Conjurations
 - Level 1.1 Summonings
 - Level 1.1 Translocations
 - Level 1.0 Fire Magic
 + Level 0.0 Air Magic


You had 3 spell levels left.
You knew the following spells:

 Your Spells              Type           Power      Damage    Failure   Level
a - Magic Dart            Conj           56%        1d5       6%          1
b - Mephitic Cloud        Conj/Pois/Air  8%         N/A       34%         3
c - Call Imp              Summ           10%        N/A       16%         2
d - Blink                 Tloc           N/A        N/A       16%         2
e - Conjure Flame         Conj/Fire      12%        6-21      24%         3

Your spell library contained the following spells:

 Spells                   Type           Power      Damage    Failure   Level
 Slow                     Hex            5%         N/A       24%         2


Dungeon Overview and Level Annotations

Branches:
Dungeon (3/15)

Altars:


Message History

The orc dies!
Your magical contamination has completely faded away.
You start resting.
An orc priest is nearby!
The orc priest misses your crimson imp.
Your crimson imp hits the orc priest.
The orc priest casts a cantrip, but nothing happens.
Your crimson imp barely misses the orc priest.
The orc priest hits your crimson imp with a +0 whip.
Your crimson imp closely misses the orc priest.
The orc priest hits your crimson imp with a +0 whip.
Your crimson imp barely misses the orc priest.
The orc priest misses your crimson imp.
Your crimson imp barely misses the orc priest.
The orc priest barely misses your crimson imp.
Your crimson imp closely misses the orc priest.
Your crimson imp disappears in a puff of smoke!
The orc priest mumbles some strange prayers to Beogh against you.
Beogh smites you!
Ouch! That really hurt!
Casting: Magic Dart (safe; 6% risk of failure)
Confirm with . or Enter, or press ? or * to list all spells.
A beastly little devil appears in a puff of frigid air.
Your white imp gestures at the orc priest.
The puff of frost hits the orc priest!
The orc priest casts a cantrip, but nothing happens.
Your white imp hits the orc priest.
Your white imp freezes the orc priest.
What are your orders? t - Shout!
Orders for allies: a - Attack new target. r - Retreat! s - Stop attacking. g - Guard the area. f - Follow me.
Anything else - Cancel.
Gang up on whom?
Press: ? - help, Dir - move target, f - orc priest
Aim: an orc priest, wielding a +0 whip (almost dead, ally target) Attack!
Your white imp hits the orc priest.
The orc priest dies!
The orc priest invokes the aid of Beogh against you.
Beogh smites you!
You die...

#)# #.....>#.######.##.
#)#.##.#.....# ####'##.
#o#..........# #.......
#.#..........# #.......
#.#.#....#.#+###.......
#o# ######....##......)
#.#...........####...#.
##o#########...# #...#.
#.)5...@...'...# #...##
############...# #...#
#...# #...# #...# #...#
#...# #...# #...# #####


You could see an orc priest and a friendly white imp (summoned).

Vanquished Creatures
  An orc priest (D:3)
  Terence (D:2)
  An adder (D:2)
  2 dart slugs
  4 orcs (D:3)
  3 ball pythons
  6 endoplasms
  3 giant cockroaches
  6 goblins
  2 hobgoblins (D:2)
  4 jackals (D:1)
  A kobold (D:1)
  A quokka (D:2)
  6 bats
  A frilled lizard (D:1)
  2 rats (D:1)
44 creatures vanquished.

Vanquished Creatures (collateral kills)
  An orc priest (D:3)
  2 orcs (D:3)
3 creatures vanquished.

Grand Total: 47 creatures vanquished

Notes
Turn   | Place    | Note
-------+----------+-------------------------------------------
     0 | D:1      | pokeman the Deep Elf Hedge Wizard began the quest for the
                  | Orb.
     0 | D:1      | Reached XP level 1. HP: 10/10 MP: 7/7
   312 | D:1      | Reached XP level 2. HP: 15/15 MP: 5/9
  1030 | D:1      | Reached skill level 5 in Spellcasting
  1357 | D:2      | Reached XP level 3. HP: 20/20 MP: 5/11
  1361 | D:2      | Learned a level 3 spell: Mephitic Cloud
  1364 | D:2      | Learned a level 2 spell: Call Imp
  1367 | D:2      | Learned a level 2 spell: Blink
  1371 | D:2      | Learned a level 3 spell: Conjure Flame
  1407 | D:2      | Noticed Terence
  1431 | D:2      | Killed Terence
  1432 | D:2      | Reached skill level 1 in Fighting
  1432 | D:2      | Reached skill level 1 in Armour
  1625 | D:2      | Reached XP level 4. HP: 25/25 MP: 7/13
  2613 | D:3      | Reached skill level 1 in Fire Magic
  2635 | D:3      | Killed from afar by an orc priest

Illustrated notes

Levels and vault maps discovered:
D:1:      denvon_arrival_hothouse, layout_basic, skrybe_limestone_x,
          chequers_serial_rivers_room_b
D:2:      layout_basic, uniq_terence
D:3:      layout_basic, nrook_campfire, uniq_crazy_yiuf_cottage, uniq_ijyb

Skill      XL: |  1  2  3  4 |
---------------+-------------+-----
Spellcasting   | 5 |  5.8
Fighting       | 1 |  1.0
Armour         | 1 |  1.0
Conjurations   | 2 |  2.2
Fire Magic     | 1 |  1.0
Dodging        | |  2.8
Stealth        | |  2.4
Summonings     | |  1.1
Translocations | |  1.1

Action                   |  1- 3 |  4- 6 || total
-------------------------+-------+-------++-------
Melee: Dagger            |     4 |     1 ||     5
 Cast: Magic Dart        |    70 |    48 ||   118
       Conjure Flame     |     2 |       ||     2
       Mephitic Cloud    |     1 |       ||     1
       Call Imp          |       |     4 ||     4
 Stab: Sleeping          |       |     1 ||     1
Armor: Robe              |     2 |       ||     2
       Leather armour    |     3 |     3 ||     6
Dodge: Dodged            |     7 |     8 ||    15

Table legend: (Time is in decaauts)
 A = Elapsed time spent in this place.
 B = Non-inter-level travel time spent in this place.
 C = Inter-level travel time spent in this place.
 D = Time resting spent in this place.
 E = Time spent auto-exploring this place.
 F = Levels seen in this place.
 G = Mean time per level.
                   A        B        C        D        E       F      G
               +--------+--------+--------+--------+--------+-----+--------+
         Total |   2636 |   2595 |     41 |    270 |   2029 |   3 |  878.7 |
       Dungeon |   2636 |   2595 |     41 |    270 |   2029 |   3 |  878.7 |
               +--------+--------+--------+--------+--------+-----+--------+

Top non-repeatable levels by time:
     D:1: 1314 daAuts
     D:2: 1023 daAuts
     D:3: 297 daAuts
